 Dungeon Crawl Stone Soup version 0.30.1-8-g117510f58f (webtiles) character file.

Game seed: 12233499412614781788

54504 LynnLen the Unseen (level 14, -6/65 (72) HPs)
             Began as a Spriggan Enchanter on Sept 23, 2023.
             Was a High Priest of Vehumet.
             Killed by divine providence
             ... invoked by Saint Roka
              (11 damage)
             ... on level 2 of the Orcish Mines.
             The game lasted 01:38:47 (30234 turns).

LynnLen the Unseen (Spriggan Enchanter)            Turns: 30234, Time: 01:38:48

HP:   -6/65 (72)    AC: 15    Str:  8    XL:     14   Next: 34%
MP:   25/31         EV: 24    Int: 32    God:    Vehumet [*****.]
Gold: 2668          SH:  0    Dex: 15    Spells: 13/38 levels left

rFire   x . .        k - +2 dagger (protect)
rCold   + . .        (no shield)
rNeg    . . .        D - +5 steam dragon scales
rPois   +            t - +2 hat
rElec   .            H - +2 cloak
rCorr   .            (gloves unavailable)
SInv    +            (boots unavailable)
Will    ++...        Q - amulet of magic regeneration
Stlth   ++++++       K - ring "Biteajia" {Ice rPois Str+4 Int+4}
HPRegen 0.30/turn    I - +6 ring of intelligence
MPRegen 0.62/turn

%: no passive effects
@: drained, very quick
A: very small, no large weapons, unfitting armour, see invisible, speed 3
a: Renounce Religion


You were on level 2 of the Orcish Mines.
You worshipped Vehumet.
Vehumet was extremely pleased with you.
You visited 4 branches of the dungeon, and saw 20 of its levels.
You also visited: Bailey and Volcano.

You collected 2764 gold pieces.
You spent 96 gold pieces at shops.

Inventory:

Hand Weapons
 k - a +2 dagger of protection (weapon)
Missiles
 f - 4 throwing nets
Armour
 t - a +2 hat (worn)
 D - +5 steam dragon scales (worn)
 H - a +2 cloak (worn)
Magical Staves
 T - the staff of fire "Kiexyge" {rF+ rC+ rN+ Dex+2}
   (You found it on level 5 of the Lair of Beasts)

   [staff of fire]

   Base accuracy: +5 Base damage: 5 Base attack delay: 1.2 This weapon's minimum
   attack delay (0.6) is reached at skill level 12.
   Dex:       It affects your dexterity (+2).
   rF:        It protects you from fire.
   rC:        It protects you from cold.
   rN:        It protects you from negative energy.
   It falls into the 'Staves' category.
   It is a two-handed weapon.
Jewellery
 b - a +6 ring of dexterity
 y - a ring of willpower
 B - the ring of Ifel {rC+ Stlth+}
   (You acquired it on level 9 of the Dungeon)

   [ring of protection from cold]

   rC:        It protects you from cold.
   Stlth:     It makes you more stealthy.
 F - a ring of poison resistance
 I - a +6 ring of intelligence (right hand)
 K - the ring "Biteajia" (left hand) {Ice rPois Str+4 Int+4}
   (You acquired it on level 9 of the Dungeon)

   [ring of ice]

   It enhances your ice magic.
   Str:       It affects your strength (+4).
   Int:       It affects your intelligence (+4).
   rF:        It makes you vulnerable to fire.
   rC:        It protects you from cold.
   rPois:     It protects you from poison.
 Q - an amulet of magic regeneration (around neck)
Wands
 q - a wand of mindburst (7)
 w - a wand of roots (9)
 x - a wand of quicksilver (15)
 C - a wand of flame (15)
 O - a wand of paralysis (10)
 R - a wand of polymorph (2)
Scrolls
 d - 8 scrolls of immolation
 h - 4 scrolls of blinking
 m - a scroll of fog {unknown}
 n - 4 scrolls of magic mapping
 o - 3 scrolls of brand weapon
 r - a scroll of teleportation
 u - 2 scrolls of amnesia
 v - 2 scrolls of vulnerability {unknown}
 E - a scroll of silence {unknown}
 G - 7 scrolls of fear
 J - 3 scrolls of torment
 L - a scroll of poison {unknown}
 S - 2 scrolls of enchant armour
Potions
 a - a potion of magic
 c - 2 potions of invisibility
 e - 7 potions of curing
 g - 4 potions of heal wounds
 i - 6 potions of might
 j - 3 potions of cancellation
 l - 5 potions of brilliance
 p - 4 potions of lignification
 s - 3 potions of attraction
 z - 2 potions of mutation
 A - 2 potions of flight
 M - a potion of ambrosia
 N - a potion of berserk rage
 P - 4 potions of haste


   Skills:
 + Level 7.9 Fighting
 - Level 10.0 Short Blades
 + Level 12.3 Dodging
 * Level 16.7 Stealth
 * Level 12.9 Spellcasting
 - Level 5.0 Conjurations
 - Level 8.0 Hexes
 - Level 6.0 Translocations
 + Level 6.4 Transmutations
 - Level 2.7 Fire Magic
 - Level 4.0 Ice Magic
 + Level 4.9 Poison Magic


You had 13 spell levels left.
You knew the following spells:

 Your Spells              Type           Power      Damage    Failure   Level
a - Ensorcelled Hibernat  Hex/Ice        100%       N/A       1%          2
b - Confusing Touch       Hex            64%        N/A       1%          3
c - Tukima's Dance        Hex            64%        N/A       1%          3
d - Fulminant Prism       Conj/Hex       29%        3d14      1%          4
e - Volatile Blastmotes   Fire/Tloc      96%        2d18      1%          3
f - Iskenderun's Mystic   Conj/Tloc      54%        2d12      1%          4
g - Eringya's Noxious Bo  Tmut/Pois      27%        N/A       9%          6

Your spell library contained the following spells:

 Spells                   Type           Power      Damage    Failure   Level
 Ozocubu's Refrigeration  Ice            31%        4d14      65%         7
 Apportation              Tloc           100%       N/A       1%          1
 Kiss of Death            Conj/Necr      100%       2d13      1%          1
 Shock                    Conj/Air       100%       1d9       1%          1
 Dazzling Flash           Conj/Hex       100%       N/A       1%          3
 Spider Form              Tmut/Pois      55%        N/A       1%          3
 Summon Guardian Golem    Hex/Summ       46%        N/A       1%          3
 Anguish                  Hex/Necr       23%        N/A       4%          4
 Leda's Liquefaction      Hex/Erth       23%        N/A       4%          4
 Metabolic Englaciation   Hex/Ice        36%        N/A       5%          5
 Airstrike                Air            10%        2d(2-18)  6%          4
 Swiftness                Air            20%        N/A       7%          3
 Silence                  Hex/Air        23%        N/A       12%         5
 Lee's Rapid Deconstruct  Erth           10%        3d8*      17%         5
 Dispel Undead            Necr           20%        3d11      22%         4
 Orb of Destruction       Conj           25%        9d9       50%         7
 Agony                    Necr           20%        N/A       54%         5
 Statue Form              Tmut/Erth      27%        N/A       67%         6
 Simulacrum               Ice/Necr       25%        N/A       83%         6
 Spellforged Servitor     Conj/Summ      18%        N/A       83%         7
 Disjunction              Tloc           28%        N/A       100%        8


Dungeon Overview and Level Annotations

Branches:
Dungeon (12/15)            Temple (1/1) D:4            Lair (5/5) D:9
 Shoals (0/4) Lair:2        Snake (0/4) Lair:2        Slime (0/5) Lair:4
    Orc (2/2) D:12         Bailey (visited)         Volcano (visited)
    Elf: Orc:2

Altars:
Ashenzari
Cheibriados
Dithmenos
Elyvilon
Fedhas
Gozag
Hepliaklqana
Kikubaaqudgha
Makhleb
Nemelex Xobeh
Okawaru
Qazlal
Ru
Sif Muna
Trog
Uskayaw
Vehumet
Wu Jian
Xom
Yredelemnul
Zin
The Shining One

Shops:
D:10 [!*   D:11 [[*(   Orc:2 (

Annotations:
Lair:5 exclusion: oklob plant
Orc:2 Saint Roka


Innate Abilities, Weirdness & Mutations

You are very small and have problems with some larger weapons.
You are too small for most types of armour.
You have supernaturally acute eyesight. (SInv)
You cover ground extremely quickly. (Speed+++)


Message History

You feel your power returning.
The mystic blast hits the orange demon!
The orange demon is moderately wounded.
The orange demon is knocked back by the mystic blast.
The orange demon collides with the orc high priest!
The orc high priest is severely wounded.
The orange demon is heavily wounded.
The mystic blast hits the orc priest.
The orc priest is severely wounded.
The orc priest is knocked back by the mystic blast.
You hear a shout!
The orc sorcerer gestures at you while chanting.
The bolt of fire hits the orc priest!!
The orc priest dies!
The bolt of fire misses you.
The orc warrior unwields a +0 trident.
The orc warrior wields a +0 arbalest.
The orc warrior shoots a bolt.
The bolt completely misses you.
The orc warrior shoots a bolt.
The bolt closely misses you.
Aiming: Tukima's Dance (safe; 1% risk of failure)
Press: ? - help, Q - select action, (/) - cycle Shift-Dir - straight line, f - orc warrior
Aim: an orc warrior, wielding a +0 arbalest and wearing a +0 chain mail (chance to affect: 77%)
The +0 arbalest dances into the air!
The orc sorcerer gestures at you while chanting.
The bolt of fire hits you! The fire burns you terribly!
The orc high priest invokes the aid of Beogh against you.
Beogh smites you!
The orc knight roars a battlecry!
The orc warrior goes into a battle-frenzy!
The orc sorcerer's eyes start to glow.
The orc sorcerer points at you and mumbles some strange words.
The bolt of negative energy hits the orc wizard!!
The orc wizard is drained!
The orc wizard dies!
The bolt of negative energy hits you!!
You feel drained.
* * * LOW HITPOINT WARNING * * *
The orc warrior shoots a bolt.
The bolt completely misses you. The orange demon completely misses you.
Saint Roka calls down the wrath of Beogh upon you.
Beogh smites you!
You die...

∩..o.)..o)h.....
.....##.....o#oo)....
. ..........o..).....$
.. ...##.#o.o.........
... ....#.ooT.......#.
....#$.oo)ooo...<.....
.......4.)...o.o...^..
.........o.o...
.....).@.......
...............
.........o.....
...............
...............
............(.#
...#...........
##.............


You could see Saint Roka (strong), 2 orc knights, an orc high priest (strong),
an orange demon (summoned), a troll, an orc sorcerer (strong), 7 orc warriors,
an orc wizard (strong), 2 orcs and a friendly +0 arbalest.

Vanquished Creatures
  An orc warlord (Bailey)
  A red draconian (Volcano)
  2 ettins
  A hydra (Lair:4)
  3 catoblepae
  3 boulder beetles
  4 two-headed ogres
  5 death yaks (Lair:1)
  2 skysharks
  A salamander mystic (Volcano)
  A lindwurm (Lair:3)
  An ugly thing (D:10)
  An oklob plant (D:12)
  4 salamanders (Volcano)
  2 cyclopes
  A black mamba (Lair:2)
  A molten gargoyle (Volcano)
  Maurice (D:10)
  2 gargoyles
  10 cane toads
  A rime drake (Lair:3)
  2 unseen horrors (D:11)
  A kobold demonologist (D:10)
  11 komodo dragons
  3 polar bears
  5 hornets (Lair:5)
  7 trolls
  14 blink frogs
  A dream sheep (Lair:5)
  2 slime creatures (Lair:4)
  11 spriggans
  A wraith (D:12)
  36 yaks
  A vampire (D:12)
  3 wyverns
  2 steam dragons
  2 basilisks
  2 wargs
  Menkaure (D:6)
  A naga (Lair:2)
  2 acid dragons
  8 water moccasins
  24 orc warriors
  8 black bears
  4 boggarts
  5 ogres
  3 centaurs
  38 wolves
  3 kobold brigands
  12 bullfrogs
  A gnoll sergeant (D:7)
  2 scorpions (D:5)
  8 wights
  2 electric eels (Lair:5)
  3 howler monkeys (D:6)
  2 lava snakes (Volcano)
  11 jellies
  4 hounds
  A gnoll bouda (D:4)
  18 orc priests
  An iguana (D:6)
  16 orc wizards
  17 gnolls
  4 adders
  A shadow imp (D:6)
  A white imp (D:7)
  2 worms
  5 dart slugs
  87 orcs
  4 bats
  15 endoplasms
  4 giant cockroaches
  13 hobgoblins
  7 jackals
  5 quokkas
  9 ball pythons
  7 frilled lizards
  16 goblins
  28 kobolds
  6 rats
  9 fulminant prisms
570 creatures vanquished.

Vanquished Creatures (collateral kills)
  2 two-headed ogres
  9 orc warriors
  3 ogres
  A kobold brigand (D:8)
  4 wights
  An orc wizard (D:6)
  8 gnolls
  A shadow imp (D:7)
  7 orcs
  5 goblins
  3 hobgoblins (Bailey)
44 creatures vanquished.

Vanquished Creatures (others)
  13 dancing weapons
  An orc priest (Orc:2)
  2 orc wizards
  An orc (Orc:2)
  97 fulminant prisms
114 creatures vanquished.

Grand Total: 728 creatures vanquished

Notes
Turn   | Place    | Note
-------+----------+-------------------------------------------
     0 | D:1      | LynnLen the Spriggan Enchanter began the quest for the Orb.
     0 | D:1      | Reached XP level 1. HP: 9/9 MP: 5/5
   421 | D:1      | Reached XP level 2. HP: 12/13 MP: 6/6
   424 | D:1      | Learned a level 2 spell: Ensorcelled Hibernation
  1314 | D:2      | Reached XP level 3. HP: 17/17 MP: 8/8
  1731 | D:2      | Reached skill level 1 in Ice Magic
  2692 | D:3      | Reached XP level 4. HP: 21/21 MP: 9/9
  2695 | D:3      | Reached skill level 5 in Stealth
  2744 | D:2      | Learned a level 3 spell: Confusing Touch
  2748 | D:2      | Learned a level 3 spell: Tukima's Dance
  2786 | D:3      | Reached skill level 1 in Fighting
  2964 | D:3      | Got the Almanac of Chilblains and Movement
  3492 | D:3      | Found a snail-covered altar of Cheibriados.
  3500 | D:3      | Found a broken altar of Ashenzari.
  3501 | D:3      | Found a burning altar of Makhleb.
  3501 | D:3      | Found an iron altar of Okawaru.
  3601 | D:3      | Reached XP level 5. HP: 25/25 MP: 10/10
  3632 | D:3      | Found a basalt altar of Yredelemnul.
  3903 | D:4      | Found a staircase to the Ecumenical Temple.
  4465 | D:4      | Reached skill level 5 in Hexes
  4465 | D:4      | Reached XP level 6. HP: 30/30 MP: 9/12
  4789 | Temple   | Entered the Ecumenical Temple
  4922 | Temple   | Became a worshipper of Vehumet
  6116 | D:4      | Reached XP level 7. HP: 28/34 MP: 6/13
  6311 | D:4      | Reached skill level 6 in Stealth
  6500 | D:5      | Entered Level 5 of the Dungeon
  7344 | D:5      | Reached * piety under Vehumet
  7344 | D:5      | Offered knowledge of Freeze by Vehumet.
  7380 | D:5      | Learned a level 4 spell: Fulminant Prism
  7690 | D:6      | Found a bloodstained altar of Trog.
  7768 | D:6      | Noticed Menkaure
  8021 | D:6      | Reached XP level 8. HP: 39/39 MP: 12/15
  8045 | D:6      | Learned a level 3 spell: Volatile Blastmotes
  8590 | D:6      | Killed Menkaure
  8591 | D:6      | Reached skill level 5 in Dodging
  8815 | D:6      | Reached skill level 7 in Stealth
  9191 | D:6      | Reached skill level 5 in Spellcasting
  9939 | D:6      | Reached XP level 9. HP: 44/44 MP: 15/17
 10192 | D:6      | Reached skill level 1 in Conjurations
 10505 | D:7      | Reached ** piety under Vehumet
 10505 | D:7      | Offered knowledge of Static Discharge by Vehumet.
 10681 | D:7      | Reached skill level 8 in Stealth
 12418 | D:8      | Offered knowledge of Hailstorm by Vehumet.
 12419 | D:8      | Reached skill level 5 in Short Blades
 12428 | D:8      | Reached skill level 9 in Stealth
 12548 | D:8      | Reached *** piety under Vehumet
 12551 | D:8      | Reached XP level 10. HP: 45/50 MP: 10/20
 12893 | D:9      | Noticed a two-headed ogre
 12912 | D:9      | Killed a two-headed ogre
 12941 | D:9      | Found a staircase to the Lair.
 12989 | D:9      | Noticed a cyclops
 13006 | D:9      | Killed a cyclops
 13057 | D:9      | Offered knowledge of Ignite Poison by Vehumet.
 13065 | D:9      | Found a flagged portal.
 13095 | Bailey   | Entered a bailey
 13402 | Bailey   | Reached skill level 10 in Stealth
 13551 | Bailey   | Reached **** piety under Vehumet
 13742 | Bailey   | Offered knowledge of Airstrike by Vehumet.
 13768 | Bailey   | Learned a level 4 spell: Iskenderun's Mystic Blast
 13823 | Bailey   | Reached skill level 5 in Fighting
 13828 | Bailey   | Reached skill level 1 in Translocations
 14042 | Bailey   | Noticed an orc warlord
 14509 | Bailey   | Killed an orc warlord
 14510 | Bailey   | Reached skill level 1 in Fire Magic
 15104 | D:9      | Reached XP level 11. HP: 55/55 MP: 23/23
 15299 | D:9      | Acquired the ring "Biteajia" {Ice rPois Str+4 Int+4}
 15303 | D:9      | Acquired 954 gold pieces
 15304 | D:9      | Acquired the ring of Ifel {rC+ Stlth+}
 15309 | D:10     | Entered Level 10 of the Dungeon
 15356 | D:10     | Noticed a two-headed ogre
 15379 | D:10     | Killed a two-headed ogre
 15573 | D:10     | Found Jeem's Assorted Antiques.
 15577 | D:10     | Bought a scroll of identify for 32 gold pieces
 15577 | D:10     | Bought a scroll of identify for 32 gold pieces
 15577 | D:10     | Bought a scroll of identify for 32 gold pieces
 15697 | D:10     | Noticed Maurice
 15705 | D:10     | Killed Maurice
 15706 | D:10     | Reached skill level 11 in Stealth
 15819 | D:10     | Found Xeiwaf's Antique Armour Shoppe.
 15876 | D:10     | Noticed a red ugly thing
 15897 | D:10     | Killed a red ugly thing
 15989 | D:10     | Found Qeweig's Distillery.
 15990 | D:10     | Noticed a two-headed ogre
 15993 | D:10     | Killed a two-headed ogre
 15993 | D:10     | Reached ***** piety under Vehumet
 15993 | D:10     | Offered knowledge of Eringya's Noxious Bog by Vehumet.
 16005 | D:10     | Learned a level 6 spell: Eringya's Noxious Bog
 16560 | D:11     | Noticed a boulder beetle
 16561 | D:11     | Found Jiuxi's Antique Armour Boutique.
 16566 | D:11     | Found Uvigg's Armour Shop.
 16791 | D:10     | Killed a boulder beetle
 16956 | D:11     | Found Ypro's Antique Weapon Shop.
 17046 | D:11     | Found an ancient bone altar of Kikubaaqudgha.
 17080 | D:11     | Found Wydgh's General Store.
 17230 | D:11     | Reached skill level 5 in Translocations
 17488 | D:12     | Noticed a boulder beetle
 17490 | D:12     | Killed a boulder beetle
 17697 | D:12     | Noticed a two-headed ogre
 17708 | D:12     | Killed a two-headed ogre
 17709 | D:12     | Reached XP level 12. HP: 60/60 MP: 25/25
 18016 | D:12     | Found a staircase to the Orcish Mines.
 18209 | D:12     | Reached skill level 12 in Stealth
 19420 | Lair:1   | Entered Level 1 of the Lair of Beasts
 19422 | Lair:1   | Noticed a death yak
 19424 | Lair:1   | Noticed a death yak
 19425 | Lair:1   | Noticed a death yak
 19425 | Lair:1   | Noticed a death yak
 19425 | Lair:1   | Noticed a death yak
 19579 | Lair:1   | Reached skill level 10 in Dodging
 19807 | Lair:1   | Killed a death yak
 20105 | Lair:1   | Killed a death yak
 20234 | Lair:1   | Reached skill level 10 in Short Blades
 20262 | Lair:1   | Killed a death yak
 20263 | Lair:1   | Reached skill level 5 in Conjurations
 20568 | Lair:1   | Noticed a catoblepas
 20569 | Lair:1   | Killed a death yak
 20570 | Lair:1   | Reached skill level 1 in Transmutations
 21100 | Lair:1   | Killed a death yak
 21101 | Lair:1   | Reached skill level 13 in Stealth
 21101 | Lair:1   | Reached skill level 10 in Spellcasting
 21101 | Lair:1   | Reached skill level 1 in Poison Magic
 21433 | Lair:1   | Killed a catoblepas
 21898 | Lair:2   | Offered knowledge of Sticky Flame by Vehumet.
 22027 | Lair:2   | Found a staircase to the Snake Pit.
 22347 | Lair:2   | Reached XP level 13. HP: 57/66 MP: 26/28
 22372 | Lair:2   | Found a staircase to the Shoals.
 22931 | Lair:3   | Found a dark tunnel.
 23011 | Volcano  | Entered a volcano
 23281 | Volcano  | Found a radiant altar of Vehumet.
 23289 | Volcano  | Reached skill level 14 in Stealth
 23350 | Volcano  | Noticed a red draconian
 23353 | Volcano  | Killed a red draconian
 24137 | Lair:3   | Identified the +2 robe of Ejurohoe {Dex+4}
 24701 | Lair:4   | Found a staircase to the Slime Pits.
 24901 | Lair:4   | Reached skill level 15 in Stealth
 25589 | Lair:5   | Entered Level 5 of the Lair of Beasts
 25643 | Lair:5   | Reached skill level 5 in Transmutations
 25989 | Lair:4   | Offered knowledge of Irradiate by Vehumet.
 26681 | Lair:5   | Identified the staff of fire "Kiexyge" {rF+ rC+ rN+ Dex+2}
 27012 | Lair:5   | Reached XP level 14. HP: 59/72 MP: 31/31
 27733 | Lair:5   | Reached skill level 16 in Stealth
 28330 | Lair:5   | Found a blossoming altar of Fedhas.
 28875 | Orc:1    | Entered Level 1 of the Orcish Mines
 29056 | Orc:1    | Offered knowledge of Ozocubu's Refrigeration by Vehumet.
 29256 | Orc:2    | Entered Level 2 of the Orcish Mines
 29258 | Orc:2    | Found Qenewkun's Weapon Boutique.
 29450 | Orc:2    | Noticed Saint Roka
 30234 | Orc:2    | Killed from afar by Saint Roka

Illustrated notes

Levels and vault maps discovered:
D:1:      dpeg_arrival_arbitrary_a, layout_basic
D:2:      layout_loops_ring, nicolae_eternal_life, minmay_misc_feat_nine_boxes,
          palyth_stone_intersect, minmay_indecisive_spiral
D:3:      wad_river_or_something, layout_loops_ring,
          mainiacjoe_overflow_alcove_3, yredelemnul_altar_generic
D:4:      layout_basic, minmay_temple_entry_grid
D:5:      layout_rooms
D:6:      layout_cave_pods, lemuel_coloured_pillars_altar, uniq_menkaure
D:7:      layout_basic
D:8:      layout_basic
D:9:      layout_rooms, lair_entry_dummy, enter_bailey_3
D:10:     layout_loops_corners, serial_rivers, chequers_serial_rivers_micro_b,
          chequers_serial_rivers_large_a, chequers_serial_rivers_micro_a,
          chequers_serial_rivers_room_b, serial_shops, shop, shop, shop,
          corexii_mini_fake_secret_closet, uniq_maurice
D:11:     layout_cross, serial_shops, nicolae_shop_crystal, shop,
          shop_fountains, shop, nicolae_kikubaaqudgha_miasma_corner
D:12:     lemuel_slime, layout_stronghold, david_orc_5, minivault_16
Temple:   eino_temple_scatter_basement
Lair:1:   layout_concentric_octagons
Lair:2:   layout_cave_pods, elwin_shoals_entry_rooms,
          guppyfry_snake_entry_garden
Lair:3:   layout_gridlike, nicolae_volcano_entry_vermiform,
          chequers_serial_rivers_small_b
Lair:4:   beargit_carnivore_pack, layout_misc_corridors,
          minmay_slime_entry_pillars, grunt_megastairs_1, serial_bayou_shore_a
Lair:5:   minmay_lair_end_enchanted_forest, layout_misc_corridors, tgw_fedhas,
          grunt_megastairs_4, serial_bayou_shore_b, infiniplex_staircase_pool
Orc:1:    layout_diamond_mine
Orc:2:    hellmonk_orc_salted, layout_caves, serial_shops, shop, uniq_snorg,
          uniq_saint_roka

Skill      XL: |  1  2  3  4  5  6  7  8  9 10 11 12 13 14 |
---------------+-------------------------------------------+-----
Hexes          | 4 5 6 7 8 |  8.0
Dodging        | 3 4 5 7 8 9 10 11 12 | 12.3
Ice Magic      | 1 2 3 4 |  4.0
Spellcasting   | 3 4 5 6 7 8 10 12 | 12.9
Stealth        | 5 6 7 9 10 11 13 15 16 | 16.7
Fighting       | 1 2 3 4 5 6 7 |  7.9
Short Blades   | 2 3 4 5 7 8 10 | 10.0
Conjurations   | 2 3 4 5 |  5.0
Translocations | 2 5 6 |  6.0
Fire Magic     | 1 2 |  2.7
Transmutations | 2 5 6 |  6.4
Poison Magic   | 1 4 |  4.9

Action                     |  1- 3 |  4- 6 |  7- 9 | 10-12 | 13-15 || total
---------------------------+-------+-------+-------+-------+-------++-------
  Melee: Dagger            |   170 |   104 |   366 |   618 |   465 ||  1723
         Punch             |     2 |       |     8 |    14 |     2 ||    26
   Cast: Ensorcelled Hiber |    11 |    48 |    57 |   123 |   123 ||   362
         Confusing Touch   |       |     1 |    19 |    14 |    25 ||    59
         Tukima's Dance    |       |       |    38 |    41 |    12 ||    91
         Fulminant Prism   |       |       |       |    66 |    41 ||   107
         Volatile Blastmot |       |       |       |     5 |       ||     5
         Iskenderun's Myst |       |       |       |       |    16 ||    16
  Evoke: Wand              |       |       |       |     1 |       ||     1
    Use: Scroll            |     2 |     1 |     6 |    21 |     8 ||    38
         Potion            |       |       |     1 |     2 |     1 ||     4
   Stab: Sleeping          |    16 |    31 |    42 |    78 |   101 ||   268
         Confused          |       |       |     9 |    10 |    24 ||    43
         Distracted        |       |       |       |     3 |       ||     3
         Invisible         |       |       |       |     2 |     3 ||     5
         Petrifying        |       |       |       |       |     2 ||     2
         Petrified         |       |       |       |       |     1 ||     1
 Armour: Robe              |    12 |    11 |     7 |       |       ||    30
         Steam dragon scal |       |       |    26 |    86 |    93 ||   205
  Dodge: Dodged            |   131 |    83 |   229 |   487 |   485 ||  1415
